General information
- name: BNet
- type: Ladder team game (AT/RT)
- host: Battle.net
- saver: brucewillisusa
map: Highperch
- players: 6
- length: 74:13
- speed: Fast
- version: 1.24 W3XP
- replay type: Public
» download(341 KB)
Players
team 1 (loser)
ATENEA (
purple | 85 APM | 4058 actions | 47:54)
4 Archmage
2 Summon Water Elemental
2 Brilliance Aura
3 Paladin
2 Holy Light
1 Divine Shield
» actions
| Assign group hotkey | 296 | |
| Basic commands | 225 | |
| Build / train | 141 | |
| Enter build submenu | 29 | |
| Enter hero's abilities submenu | 7 | |
| Give item / drop item | 1 | |
| Remove unit from queue | 8 | |
| Right click | 1229 | |
| Select / deselect | 685 | |
| Select group hotkey | 1243 | |
| Use ability | 194 | |
4058 total
» units
| Peasant | 17 | |
| Footman | 10 | |
| Razormane Medicine Man | 5 | |
| Gryphon Rider | -4 | |
| Dragonhawk Rider | 21 | |
| Knight | 8 | |
| Mortar Team | 4 | |
| Siege Engine | 8 | |
| Flying Machine | 2 | |
71 total
» upgrades
| Defend | 1 | |
| Plating | 1 | |
| Masonry | 3 | |
| Swords | 1 | |
| Storm Hammers | 0 | |
| Cloud | 1 | |
| Animal War Training | 1 | |
| Magic Sentry | 1 | |
| Fragmentation Shards | 1 | |
| Barrage | 1 | |
| Gunpowder | 2 | |
| Flare | 1 | |
| Flak Cannons | 1 | |
| Flying Machine Bombs | 1 | |
16 total
» buildings
| Altar of Kings | 1 | |
| Barracks | 1 | |
| Farm | 11 | |
| Scout Tower | 3 | |
| Arcane Tower | 9 | |
| Keep | 3 | |
| Lumber Mill | 1 | |
| Arcane Vault | 1 | |
| Blacksmith | 1 | |
| Castle | 2 | |
| Gryphon Aviary | 2 | |
| Town Hall | 1 | |
| Guard Tower | 4 | |
| Arcane Sanctum | 1 | |
| Workshop | 2 | |
43 total
» build order
00:10 Altar of Kings
00:22 Barracks
00:36 Farm
00:52 Farm
01:49 Farm
02:37 Scout Tower
02:47 Farm
03:09 Arcane Tower
03:09 Arcane Tower
03:59 Keep
03:59 Keep
04:06 Lumber Mill
04:29 Arcane Vault
04:56 Blacksmith
06:01 Farm
06:44 Castle
06:48 Farm
07:59 Gryphon Aviary
08:20 Gryphon Aviary
10:07 Town Hall
11:02 Farm
11:04 Farm
11:37 Guard Tower
11:38 Guard Tower
13:21 Arcane Tower
13:22 Arcane Tower
13:53 Arcane Tower
13:54 Arcane Tower
13:58 Arcane Tower
13:58 Arcane Tower
15:38 Arcane Sanctum
16:30 Farm
16:31 Farm
16:33 Farm
19:09 Scout Tower
19:11 Scout Tower
20:49 Guard Tower
20:49 Guard Tower
21:56 Workshop
21:59 Workshop
» items
| Ivory Tower | 7 | |
| Lesser Clarity Potion | 1 | |
8 total
Noctowl (
yellow | 36 APM | 2644 actions | 74:11)
6 Priestess of the Moon
2 Searing Arrows
3 Trueshot Aura
1 Starfall
5 Keeper of the Grove
1 Entangling Roots
3 Thorns Aura
1 Force of Nature
1 Paladin
1 Devotion Aura
» actions
| Build / train | 112 | |
| Enter build submenu | 20 | |
| Enter hero's abilities submenu | 12 | |
| Give item / drop item | 1 | |
| Remove unit from queue | 2 | |
| Right click | 1395 | |
| Select / deselect | 1014 | |
| Use ability | 87 | |
2644 total
» units
| Wisp | 15 | |
| Archer | 4 | |
| Druid of the Talon | 6 | |
| Dryad | 2 | |
| Chimaera | 32 | |
| Hippogryph | 12 | |
| Gryphon Rider | 7 | |
78 total
» upgrades
| Strength of the Wild | 3 | |
| Reinforced Hides | 4 | |
| Ultravision | 1 | |
| Abolish Magic | 1 | |
| Corrosive Breath | 1 | |
| Druid of the Talon Training | 2 | |
| Mark of the Talon | 1 | |
13 total
» buildings
| Altar of Elders | 1 | |
| Moon Well | 10 | |
| Ancient of War | 1 | |
| Ancient of Wonders | 1 | |
| Tree of Ages | 1 | |
| Hunter's Hall | 1 | |
| Ancient of Wind | 1 | |
| Ancient of Lore | 1 | |
| Tree of Eternity | 1 | |
| Chimaera Roost | 2 | |
20 total
» build order
00:08 Altar of Elders
00:17 Moon Well
00:39 Ancient of War
01:54 Moon Well
02:03 Ancient of Wonders
02:43 Tree of Ages
03:03 Moon Well
03:54 Moon Well
04:27 Hunter's Hall
05:26 Ancient of Wind
05:34 Ancient of Lore
07:25 Tree of Eternity
09:47 Chimaera Roost
09:50 Chimaera Roost
11:16 Moon Well
11:33 Moon Well
11:55 Moon Well
12:01 Moon Well
12:16 Moon Well
13:17 Moon Well
» items
| Dust of Appearance | 1 | |
| Orb of Venom | 1 | |
| Anti-magic Potion | 1 | |
3 total
ZombieWinG (
pink | 26 APM | 1909 actions | 74:11)
6 Death Knight
3 Death Coil
1 Unholy Aura
1 Death Pact
1 Animate Dead
4 Lich
2 Frost Nova
2 Dark Ritual
1 Paladin
1 Holy Light
» actions
| Assign group hotkey | 6 | |
| Basic commands | 61 | |
| Build / train | 71 | |
| Enter build submenu | 24 | |
| Enter hero's abilities submenu | 12 | |
| Give item / drop item | 3 | |
| Right click | 1027 | |
| Select / deselect | 461 | |
| Select group hotkey | 99 | |
| Use ability | 145 | |
1909 total
» units
| Acolyte | 13 | |
| Ghoul | 5 | |
| Crypt Fiend | 7 | |
| Frost Wyrm | 6 | |
| Meatwagon | 1 | |
| Gargoyle | 1 | |
33 total
» upgrades
| Creature Carapace | 3 | |
| Web | 1 | |
| Freezing Breath | 1 | |
| Creature Attack | 3 | |
| Unholy Strength | 1 | |
9 total
» buildings
| Graveyard | 1 | |
| Crypt | 1 | |
| Ziggurat | 11 | |
| Altar of Darkness | 1 | |
| Nerubian Tower | 3 | |
| Halls of the Dead | 1 | |
| Tomb of Relics | 1 | |
| Black Citadel | 1 | |
| Necropolis | 1 | |
| Sacrificial Pit | 1 | |
| Boneyard | 2 | |
| Spirit Tower | 4 | |
| Slaughterhouse | 2 | |
30 total
» build order
00:27 Graveyard
00:30 Crypt
00:38 Ziggurat
00:58 Altar of Darkness
01:41 Ziggurat
01:45 Nerubian Tower
03:10 Nerubian Tower
03:20 Ziggurat
04:46 Halls of the Dead
05:58 Tomb of Relics
06:00 Ziggurat
07:40 Black Citadel
07:48 Necropolis
08:41 Sacrificial Pit
09:07 Ziggurat
10:03 Boneyard
10:49 Boneyard
10:59 Ziggurat
13:21 Nerubian Tower
14:52 Ziggurat
14:54 Ziggurat
14:57 Spirit Tower
15:01 Ziggurat
19:23 Ziggurat
20:50 Slaughterhouse
20:52 Slaughterhouse
21:41 Spirit Tower
21:45 Ziggurat
35:05 Spirit Tower
35:06 Spirit Tower
» items
| Potion of Healing | 1 | |
| Potion of Lesser Invulnerability | 1 | |
2 total
team 2 (winner)
abc_warrior (
orange | 26 APM | 1900 actions | 74:12)
5 Warden
2 Shadow Strike
3 Blink
3 Dark Ranger
2 Silence
1 Life Drain
» actions
| Assign group hotkey | 34 | |
| Basic commands | 31 | |
| Build / train | 76 | |
| ESC pressed | 1 | |
| Enter build submenu | 32 | |
| Enter hero's abilities submenu | 9 | |
| Give item / drop item | 3 | |
| Right click | 791 | |
| Select / deselect | 341 | |
| Select group hotkey | 435 | |
| Use ability | 147 | |
1900 total
» units
| Wisp | 18 | |
| Hippogryph | 1 | |
| Druid of the Talon | 24 | |
43 total
» upgrades
| Strength of the Wild | 3 | |
| Well Spring | 1 | |
| Druid of the Talon Training | 2 | |
| Reinforced Hides | 2 | |
| Mark of the Talon | 1 | |
| Ultravision | 1 | |
10 total
» buildings
| Altar of Elders | 2 | |
| Moon Well | 12 | |
| Tree of Ages | 1 | |
| Tree of Eternity | 3 | |
| Tree of Life | 4 | |
| Hunter's Hall | 1 | |
| Ancient of Wind | 4 | |
27 total
» build order
00:08 Altar of Elders
00:10 Altar of Elders
00:15 Moon Well
01:38 Moon Well
04:14 Tree of Ages
05:47 Moon Well
05:49 Moon Well
06:09 Moon Well
06:38 Tree of Eternity
06:38 Tree of Eternity
07:38 Tree of Life
08:11 Hunter's Hall
09:14 Ancient of Wind
09:15 Ancient of Wind
09:24 Ancient of Wind
09:27 Ancient of Wind
15:04 Moon Well
15:11 Moon Well
15:20 Moon Well
15:28 Moon Well
58:18 Moon Well
68:50 Moon Well
69:03 Tree of Life
70:50 Tree of Life
70:55 Tree of Life
73:52 Moon Well
» items
| Boots of Speed | 2 | |
| Staff of Teleportation | 2 | |
| Orb of Lightning | 3 | |
| Tiny Great Hall | 1 | |
8 total
avid.milk2 (
red | 41 APM | 3042 actions | 74:12)
8 Blademaster
3 Wind Walk
3 Critical Strike
1 Bladestorm
1 Mirror Image
» actions
| Assign group hotkey | 64 | |
| Basic commands | 160 | |
| Build / train | 81 | |
| Enter build submenu | 24 | |
| Enter hero's abilities submenu | 8 | |
| Give item / drop item | 6 | |
| Remove unit from queue | 3 | |
| Right click | 1450 | |
| Select / deselect | 398 | |
| Select group hotkey | 607 | |
| Use ability | 240 | |
3042 total
» units
» upgrades
| Armor | 3 | |
| Liquid Fire | 1 | |
| Ranged Weapons | 3 | |
7 total
» buildings
| Altar of Storms | 1 | |
| Orc Burrow | 9 | |
| Voodoo Lounge | 3 | |
| Stronghold | 4 | |
| War Mill | 1 | |
| Beastiary | 2 | |
| Fortress | 1 | |
| Watch Tower | 3 | |
24 total
» build order
00:07 Altar of Storms
00:11 Orc Burrow
02:05 Voodoo Lounge
03:08 Orc Burrow
04:00 Stronghold
04:01 Stronghold
04:01 Stronghold
04:31 War Mill
04:33 Orc Burrow
05:46 Orc Burrow
06:37 Beastiary
07:18 Fortress
07:21 Beastiary
15:24 Watch Tower
15:24 Watch Tower
15:24 Watch Tower
17:09 Voodoo Lounge
17:11 Voodoo Lounge
18:51 Orc Burrow
18:51 Orc Burrow
18:52 Orc Burrow
24:27 Orc Burrow
24:29 Orc Burrow
» items
| Boots of Speed | 1 | |
| Staff of Teleportation | 1 | |
| Orb of Lightning | 1 | |
| Healing Salve | 1 | |
| Lesser Clarity Potion | 1 | |
| Mechanical Critter | 2 | |
7 total
brucewillisusa (
blue | 37 APM | 2743 actions | 74:13)
5 Archmage
3 Blizzard
2 Brilliance Aura
» actions
| Assign group hotkey | 64 | |
| Basic commands | 127 | |
| Build / train | 158 | |
| ESC pressed | 13 | |
| Enter build submenu | 70 | |
| Enter hero's abilities submenu | 5 | |
| Give item / drop item | 9 | |
| Remove unit from queue | 1 | |
| Right click | 726 | |
| Select / deselect | 564 | |
| Select group hotkey | 719 | |
| Use ability | 287 | |
2743 total
» units
| Peasant | 21 | |
| Sorceress | 2 | |
| Mortar Team | 8 | |
| Siege Engine | 6 | |
| Flying Machine | 25 | |
| Priest | 2 | |
64 total
» upgrades
| Masonry | 3 | |
| Gunpowder | 3 | |
| Armor | 3 | |
| Magic Sentry | 1 | |
| Sorceress Training | 2 | |
| Fragmentation Shards | 1 | |
| Barrage | 1 | |
| Flare | 1 | |
| Flak Cannons | 1 | |
| Plating | 3 | |
| Priest Training | 2 | |
21 total
» buildings
| Lumber Mill | 1 | |
| Scout Tower | 111 | |
| Farm | 10 | |
| Altar of Kings | 1 | |
| Arcane Tower | 3 | |
| Guard Tower | 46 | |
| Keep | 1 | |
| Blacksmith | 1 | |
| Town Hall | 1 | |
| Castle | 1 | |
| Arcane Sanctum | 1 | |
| Workshop | 4 | |
| Arcane Vault | 1 | |
182 total
» build order
00:36 Lumber Mill
00:52 Scout Tower
00:53 Scout Tower
00:55 Scout Tower
01:00 Farm
01:12 Altar of Kings
01:18 Scout Tower
01:20 Arcane Tower
01:22 Scout Tower
01:26 Scout Tower
01:29 Scout Tower
01:30 Arcane Tower
01:40 Guard Tower
01:49 Guard Tower
01:56 Guard Tower
02:12 Guard Tower
02:15 Scout Tower
02:16 Scout Tower
02:21 Farm
02:24 Scout Tower
02:37 Farm
02:43 Scout Tower
02:45 Scout Tower
02:46 Guard Tower
02:47 Guard Tower
02:53 Guard Tower
02:56 Scout Tower
03:05 Scout Tower
03:20 Guard Tower
03:23 Scout Tower
03:24 Scout Tower
03:25 Scout Tower
03:28 Guard Tower
03:30 Scout Tower
03:31 Scout Tower
03:38 Scout Tower
03:39 Guard Tower
03:41 Keep
03:58 Guard Tower
04:00 Scout Tower
04:01 Scout Tower
04:02 Scout Tower
04:05 Guard Tower
04:07 Scout Tower
04:08 Scout Tower
04:17 Blacksmith
04:20 Guard Tower
04:22 Scout Tower
04:23 Scout Tower
04:23 Scout Tower
04:30 Guard Tower
05:03 Guard Tower
05:07 Scout Tower
05:08 Scout Tower
05:14 Town Hall
05:17 Guard Tower
05:26 Scout Tower
05:27 Scout Tower
05:28 Scout Tower
05:29 Scout Tower
05:31 Scout Tower
05:32 Scout Tower
05:44 Guard Tower
05:46 Guard Tower
05:47 Scout Tower
05:48 Scout Tower
05:49 Scout Tower
05:50 Scout Tower
06:06 Castle
06:43 Guard Tower
07:01 Arcane Sanctum
07:04 Workshop
07:05 Workshop
07:08 Guard Tower
07:15 Guard Tower
07:15 Guard Tower
07:15 Guard Tower
07:39 Guard Tower
08:10 Farm
08:10 Farm
08:12 Arcane Vault
08:14 Guard Tower
09:33 Farm
09:34 Farm
09:58 Farm
11:02 Scout Tower
11:03 Scout Tower
11:03 Scout Tower
11:13 Scout Tower
11:14 Scout Tower
11:15 Scout Tower
11:17 Scout Tower
11:17 Scout Tower
11:18 Scout Tower
11:19 Scout Tower
11:20 Scout Tower
11:50 Guard Tower
12:18 Guard Tower
12:46 Guard Tower
13:19 Guard Tower
14:47 Workshop
14:59 Workshop
15:01 Farm
15:01 Farm
16:19 Scout Tower
16:20 Scout Tower
16:20 Scout Tower
16:22 Scout Tower
16:23 Scout Tower
16:24 Scout Tower
16:32 Scout Tower
16:33 Scout Tower
16:33 Scout Tower
16:35 Scout Tower
16:35 Scout Tower
17:13 Guard Tower
18:26 Guard Tower
18:47 Scout Tower
18:48 Scout Tower
18:49 Scout Tower
18:49 Scout Tower
18:50 Scout Tower
18:51 Scout Tower
18:52 Scout Tower
18:53 Scout Tower
18:53 Scout Tower
18:54 Scout Tower
18:54 Scout Tower
18:55 Scout Tower
19:36 Guard Tower
19:51 Guard Tower
20:20 Guard Tower
20:26 Scout Tower
20:26 Scout Tower
20:27 Scout Tower
20:27 Scout Tower
20:27 Scout Tower
20:28 Scout Tower
20:54 Scout Tower
20:55 Scout Tower
20:58 Guard Tower
21:03 Scout Tower
21:03 Scout Tower
21:03 Scout Tower
21:03 Scout Tower
21:06 Guard Tower
21:36 Guard Tower
22:11 Guard Tower
22:59 Guard Tower
27:16 Scout Tower
27:19 Scout Tower
27:19 Scout Tower
27:20 Scout Tower
27:23 Scout Tower
27:24 Scout Tower
27:26 Scout Tower
27:28 Scout Tower
27:29 Scout Tower
27:31 Scout Tower
27:51 Guard Tower
27:54 Guard Tower
28:01 Scout Tower
28:01 Scout Tower
28:07 Scout Tower
28:08 Scout Tower
28:36 Guard Tower
29:03 Guard Tower
30:25 Scout Tower
30:27 Scout Tower
30:27 Scout Tower
30:29 Scout Tower
30:38 Scout Tower
30:39 Scout Tower
30:41 Scout Tower
30:42 Scout Tower
31:32 Guard Tower
31:37 Guard Tower
31:45 Scout Tower
31:46 Scout Tower
31:50 Scout Tower
34:08 Arcane Tower
» items
| Lesser Clarity Potion | 2 | |
| Healing Salve | 4 | |
| Boots of Speed | 1 | |
| Staff of Teleportation | 1 | |
| Orb of Lightning | 1 | |
| Scroll of Town Portal | 2 | |
| Potion of Healing | 1 | |
| Tiny Great Hall | 1 | |
| Staff of Sanctuary | 1 | |
14 total
Chat log
(00:21 / Allies) avid.milk2: feed alwex
(00:21 / Allies) brucewillisusa: feed me as much as u can micahel
(00:22 / Allies) avid.milk2: asap
(00:39 / Allies) brucewillisusa: tommy u feed me too
(01:19 / Allies) abc_warrior: warden?
(01:22 / Allies) brucewillisusa: ya
(01:38 / Allies) avid.milk2: feed all ur stuff micheaelell
(01:53 / Allies) brucewillisusa: all of it
(02:07 / Allies) brucewillisusa: need fuckign wood
(02:08 / Allies) brucewillisusa: by the 10s
(02:10 / Allies) brucewillisusa: not 50s
(02:58 / Allies) brucewillisusa: micahel go do a green
(03:33 / Allies) brucewillisusa: continue feeding
(03:44 / Allies) brucewillisusa: lure the expos now
(03:46 / Allies) avid.milk2: dont i need to tech
(03:47 / Allies) brucewillisusa: or creep greens
(03:48 / Allies) brucewillisusa: yeah
(03:49 / Allies) brucewillisusa: tech
(05:52 / Allies) brucewillisusa: wood
(06:15 / Allies) avid.milk2: they havent scouted towers
(06:18 / Allies) avid.milk2: dont let them onto us
(06:30 / Allies) brucewillisusa: they must mh
(06:37 / Allies) brucewillisusa: or noobs
(06:39 / Allies) avid.milk2: michael wood me
(07:15 / Allies) avid.milk2: micahel thats ur mine
(07:21 / Allies) brucewillisusa: gol dme
(07:26 / Allies) brucewillisusa: tommy u take it
(08:00 / Allies) avid.milk2: get huntress hall
(08:19 / Allies) brucewillisusa: lets not have any of that stuff
(08:22 / Allies) brucewillisusa: where my towers and units defend
(08:25 / Allies) brucewillisusa: and u guys are there fo rthe ride
(08:52 / Allies) brucewillisusa: u guys gona lose that
(08:56 / Allies) brucewillisusa: nvm
(09:17 / Allies) brucewillisusa: wtf
(09:21 / Allies) brucewillisusa: u interruped my 2heal
(10:10 / Allies) avid.milk2: lazy bones
(10:43 / Allies) brucewillisusa: fuck they got hawks
(10:49 / Allies) brucewillisusa: michael
(10:50 / Allies) brucewillisusa: get a dr
(10:57 / Allies) brucewillisusa: with silence
(10:59 / Allies) avid.milk2: i will go
(11:01 / Allies) avid.milk2: you gbuy
(11:01 / Allies) avid.milk2: it
(11:04 / Allies) brucewillisusa: no
(11:05 / Allies) brucewillisusa: michael
(11:06 / Allies) brucewillisusa: ahs to buy
(11:07 / Allies) brucewillisusa: oh
(11:10 / Allies) brucewillisusa: "you" = micheal
(11:10 / Allies) avid.milk2: durr
(11:11 / Allies) avid.milk2: hurr
(11:13 / Allies) avid.milk2: shared control
(11:53 / Allies) avid.milk2: get dotts in the air
(11:57 / Allies) avid.milk2: so we can take those out
(11:58 / Allies) brucewillisusa: too soon
(13:13 / Allies) brucewillisusa: weak acos
(13:34 / Allies) avid.milk2: whjat a hackkkkkkkkkkkkker
(13:37 / Allies) avid.milk2: he has a shade htrer
(13:43 / Allies) brucewillisusa: i have 2 reaveal towers
(14:10 / Allies) brucewillisusa: lol
(14:28 / Allies) brucewillisusa: hope u got 50 food bats
(14:51 / Allies) brucewillisusa: wood
(15:21 / Allies) brucewillisusa: they gonna try to come by air
(15:23 / Allies) brucewillisusa: get ready to bat
(15:37 / Allies) brucewillisusa: get 3/3 on ur units michael
(16:58 / Allies) brucewillisusa: here it comes
(17:02 / Allies) brucewillisusa: get those shitters back to ther tower wall asap
(17:09 / Allies) brucewillisusa: we have a dark ranger i hope
(17:46 / Allies) brucewillisusa: tjhe hawks...
(18:03 / Allies) brucewillisusa: where are dotts?
(18:12 / Allies) brucewillisusa: GO
(18:42 / Allies) brucewillisusa: go 80 food
(18:43 / Allies) brucewillisusa: of aa
(18:45 / Allies) brucewillisusa: 'both of u
(19:16 / Allies) abc_warrior: perch now? or no
(19:20 / Allies) brucewillisusa: yeah
(19:21 / Allies) brucewillisusa: send one dott
(19:23 / Allies) brucewillisusa: to right side
(19:42 / Allies) brucewillisusa: whre is dh
(19:43 / Allies) brucewillisusa: dr
(19:43 / Allies) brucewillisusa: dr
(19:49 / Allies) abc_warrior: ded
(20:31 / Allies) brucewillisusa: WOOD
(21:14 / Allies) brucewillisusa: ur fired
(21:17 / Allies) brucewillisusa: faereige
(21:47 / Allies) brucewillisusa: get a perch up
(21:49 / Allies) brucewillisusa: u gutys get it up
(21:51 / Allies) brucewillisusa: a night elf tree
(22:03 / Allies) brucewillisusa: michael u gotta staff up there and ste it up
(22:11 / Allies) avid.milk2: michael needs taff and quick hall
(22:13 / Allies) avid.milk2: ui have a staff
(22:29 / Allies) abc_warrior: itsd up
(22:33 / Allies) brucewillisusa: wood me 30000
(22:42 / Allies) avid.milk2: zee zaw
(22:42 / Allies) avid.milk2: grand sleep maw
(22:48 / Allies) brucewillisusa: micahel
(22:49 / Allies) brucewillisusa: wood us both
(23:17 / Allies) brucewillisusa: get 100 food of 3/3 up to perch
(23:23 / Allies) avid.milk2: i have no gold
(23:25 / Allies) avid.milk2: to make bats
(23:26 / Allies) avid.milk2: with
(23:29 / Allies) brucewillisusa: michael
(23:30 / Allies) avid.milk2: michael
(23:30 / Allies) brucewillisusa: gold him 2000
(23:32 / Allies) avid.milk2: fedddd
(24:08 / Allies) avid.milk2: should i use bats in this next wave?
(24:13 / Allies) brucewillisusa: no
(24:14 / Allies) brucewillisusa: save to 100
(24:16 / Allies) brucewillisusa: and get them on perch
(24:20 / Allies) avid.milk2: alex ur getting no hawks
(24:21 / Allies) avid.milk2: ?
(24:23 / Allies) brucewillisusa: nope
(24:29 / Allies) brucewillisusa: u cant have it all
(24:41 / Allies) brucewillisusa: fuck it perch now
(24:43 / Allies) brucewillisusa: abandonn wall
(24:55 / Allies) avid.milk2: id need 4000 gold total to get to 100 food bats rightn ow
(25:02 / Allies) avid.milk2: our mines are too far from dead
(25:05 / Allies) brucewillisusa: michael give him 400 wood
(25:05 / Allies) avid.milk2: maybe we should live another weave
(25:09 / Allies) brucewillisusa: no
(25:11 / Allies) brucewillisusa: wed be shit poor
(25:13 / Allies) avid.milk2: i dont need wood
(25:14 / Allies) brucewillisusa: on top if it
(25:22 / Allies) brucewillisusa: WOOD ME THEN
(25:24 / Allies) brucewillisusa: I NEEE D WOOD BAD
(25:38 / Allies) brucewillisusa: upsy daisy
(26:19 / Allies) abc_warrior: go over 80?
(26:22 / Allies) brucewillisusa: eat a tree
(26:24 / Allies) brucewillisusa: with ur main tree
(26:26 / Allies) brucewillisusa: yeahb go full
(27:33 / Allies) brucewillisusa: if u can kill trees
(27:35 / Allies) brucewillisusa: pls do so
(27:38 / Allies) brucewillisusa: they are annoying
(27:46 / Allies) avid.milk2: dats y we normally get a mort
(27:50 / Allies) avid.milk2: if not for falre
(28:10 / Allies) abc_warrior: use last gold?
(28:14 / Allies) avid.milk2: he has 2 acos sitting by his shade pit
(28:19 / Allies) avid.milk2: barf
(28:25 / Allies) brucewillisusa: save the rest of ur gold
(28:28 / Allies) brucewillisusa: it wont kill us to have 500
(28:31 / Allies) brucewillisusa: get soem wisps up here
(28:32 / Allies) brucewillisusa: for wood
(28:37 / Allies) avid.milk2: yea
(28:51 / Allies) brucewillisusa: staff to me
(28:54 / Allies) brucewillisusa: ill give u staff of prseerve
(28:56 / Allies) brucewillisusa: after ur main is dead
(28:59 / Allies) brucewillisusa: u can astaff a waisp up
(29:04 / Allies) brucewillisusa: wood me for towers
(29:27 / Allies) avid.milk2: there is a mantle there
(29:30 / Allies) avid.milk2: and slave there
(29:34 / Allies) avid.milk2: if u have inventory
(29:34 / Allies) brucewillisusa: kill ur peons
(29:42 / Allies) avid.milk2: u no need wood?
(29:56 / Allies) brucewillisusa: im fine now
(30:10 / All) brucewillisusa: welp
(30:14 / All) brucewillisusa: my allies went afk for some reason
(30:17 / All) brucewillisusa: and i have to run all 3 bases
(30:17 / All) brucewillisusa: gfg
(31:23 / Allies) brucewillisusa: we dont have a critter
(31:24 / Allies) avid.milk2: im not going to save any peons
(31:25 / Allies) avid.milk2: fuck it
(31:26 / Allies) brucewillisusa: oh well i guess we have dots
(31:40 / Allies) avid.milk2: ill make one
(31:42 / Allies) avid.milk2: by staffing down
(31:44 / Allies) avid.milk2: if i get the chance
(31:45 / Allies) avid.milk2: with bm
(31:48 / Allies) avid.milk2: i can make 2 criters
(31:58 / Allies) brucewillisusa: ya
(32:52 / Allies) brucewillisusa: wanna hunt that shade?
(33:01 / Allies) brucewillisusa: i got 4 flares left
(33:02 / Allies) brucewillisusa: on cooldown
(33:04 / Allies) avid.milk2: i made 2 criters
(33:08 / Allies) brucewillisusa: go get htose shades
(33:09 / Allies) avid.milk2: im going
(33:10 / Allies) avid.milk2: flare it
(33:30 / All) ZombieWinG: hacks
(33:38 / Allies) brucewillisusa: another aco
(33:44 / All) brucewillisusa: hi chimera
(33:46 / All) brucewillisusa: gl hf
(33:48 / Allies) brucewillisusa: b
(33:48 / Allies) brucewillisusa: b
(33:52 / Allies) brucewillisusa: u cant even move
(33:53 / Allies) brucewillisusa: wtf ud oing
(34:29 / Allies) brucewillisusa: an aco
(34:38 / Allies) brucewillisusa: shit
(34:41 / All) brucewillisusa: go there
(34:42 / Allies) brucewillisusa: intercieop
(35:50 / Allies) avid.milk2: cani shade hunt?
(35:51 / Allies) avid.milk2: now is the time
(35:52 / Allies) avid.milk2: to do it
(36:03 / All) brucewillisusa: good
(36:05 / All) brucewillisusa: was worried abotu those
(36:14 / Allies) brucewillisusa: save rest of bats for emmergency
(36:33 / All) ZombieWinG: Red you hack hard
(36:39 / All) brucewillisusa: Q_Q
(37:09 / Allies) avid.milk2: lol the ancient of wind
(37:27 / Allies) brucewillisusa: u guys got those dotts under control?
(37:30 / Allies) brucewillisusa: i have bts and gyros numbered
(37:50 / Allies) avid.milk2: thats up to michael
(37:55 / All) brucewillisusa: u guys have a good chance at winning
(37:55 / Allies) avid.milk2: im probably just going to lag if they come in a big hit
(37:58 / All) brucewillisusa: it is gonna take some work tho
(38:00 / All) brucewillisusa: GL HF
(38:06 / Allies) avid.milk2: :>
(39:43 / All) brucewillisusa: first blood
(39:43 / Allies) avid.milk2: pwnt
(39:44 / All) brucewillisusa: 1!
(39:55 / Allies) abc_warrior: wisp on far left fyi
(39:56 / Allies) avid.milk2: theyre down to less than 2k total
(39:59 / Allies) avid.milk2: with sold items i think
(40:01 / All) brucewillisusa: second blood!
(40:03 / All) ATENEA: jajaja
(40:12 / Allies) avid.milk2: i have 2 creitters down there
(40:13 / Allies) avid.milk2: fyi
(40:17 / Allies) brucewillisusa: one is top left
(40:21 / Allies) brucewillisusa: at their orange creep
(40:27 / All) brucewillisusa: lol!
(40:28 / All) brucewillisusa: ouch!
(40:31 / Allies) avid.milk2: the other is near the wisp
(40:35 / Allies) avid.milk2: ill send it top righto f map
(40:40 / Allies) brucewillisusa: staff down and kill a shade
(41:00 / Allies) avid.milk2: reaveal
(41:02 / Allies) avid.milk2: pls
(41:04 / All) brucewillisusa: nice micro
(41:15 / Allies) brucewillisusa: do that next
(41:50 / Allies) avid.milk2: im going
(42:16 / All) brucewillisusa: u guys wont win a slugfest
(42:19 / All) brucewillisusa: u wont win with cloud and aa
(42:24 / All) brucewillisusa: what u need is to hit and run with hcims
(42:26 / All) brucewillisusa: successfully
(42:28 / All) brucewillisusa: its ur only chance
(43:57 / All) brucewillisusa: lol
(43:59 / All) brucewillisusa: fat fingers?
(44:15 / Allies) avid.milk2: u have an unfinished tower
(44:17 / Allies) avid.milk2: on the north side
(44:20 / Allies) avid.milk2: u could cancel for resources
(45:11 / Allies) avid.milk2: ill have that hawk for dinar
(45:36 / All) brucewillisusa: tp!
(45:37 / All) brucewillisusa: tp!
(45:49 / All) brucewillisusa: SO CLOSE
(45:50 / All) avid.milk2: ooo
(45:51 / All) avid.milk2: almost
(46:13 / Allies) brucewillisusa: staff up and charge ur mana
(46:15 / Allies) brucewillisusa: for another storm
(46:26 / Allies) brucewillisusa: \ropfl he sends kotg alone
(46:33 / Allies) brucewillisusa: to roots u and say "SHIT I ROOTS HIM COME"
(46:33 / Allies) avid.milk2: i will roots him
(46:38 / Allies) avid.milk2: surely this will stop his offensive
(46:59 / Allies) avid.milk2: they dont even look liek theyre going to try
(47:01 / Allies) avid.milk2: what lame ducks
(47:58 / All) brucewillisusa: LOL
(47:59 / All) avid.milk2: the last straw
(48:02 / All) brucewillisusa: HOLE IN FUCKIN ONE
(48:02 / All) avid.milk2: pants: thoroughly shit
(48:04 / All) brucewillisusa: NOOBSHIT
(48:07 / All) brucewillisusa: SQUAD BROKEN
(48:08 / All) avid.milk2: brown town in down town
(48:11 / Allies) brucewillisusa: hey
(48:14 / Allies) brucewillisusa: lets turn on tiehack
(48:15 / Allies) brucewillisusa: and get raped
(48:17 / Allies) brucewillisusa: then disc them
(48:18 / Allies) brucewillisusa: ok?
(48:26 / Allies) brucewillisusa: first unshare
(48:30 / Allies) brucewillisusa: and fix your control troups
(48:38 / Allies) brucewillisusa: so u onyl control ur own guys
(48:44 / Allies) brucewillisusa: then dont click each other stuf fanymore
(48:45 / Allies) avid.milk2: tie hack now on
(48:46 / Allies) brucewillisusa: then turn it on
(48:49 / Allies) avid.milk2: bm is now numbers 1-0
(48:55 / Allies) avid.milk2: control is off
(48:56 / Allies) brucewillisusa: mine is on
(49:00 / Allies) brucewillisusa: michael is urs on?
(49:01 / Allies) avid.milk2: migyuel
(49:03 / Allies) abc_warrior: no
(49:04 / Allies) avid.milk2: u afk?
(49:07 / Allies) brucewillisusa: turn yours on
(49:08 / Allies) avid.milk2: unshare control
(49:12 / Allies) brucewillisusa: he did
(49:12 / Allies) avid.milk2: and make ur hero all numbers
(49:14 / Allies) avid.milk2: then turn it on
(49:33 / Allies) abc_warrior: turn it on?
(49:36 / Allies) brucewillisusa: this is over
(49:39 / Allies) brucewillisusa: in seconds
(49:41 / Allies) brucewillisusa: if u dont hurry yp
(49:45 / Allies) brucewillisusa: lets go tommy
(49:48 / Allies) brucewillisusa: WHAT ARE YOU DOING
(49:49 / Allies) brucewillisusa: DURRRR
(49:57 / Allies) brucewillisusa: unshare
(49:59 / Allies) brucewillisusa: 1. UNSHARE
(50:01 / Allies) brucewillisusa: 2. TURN ON TIEHACK
(50:03 / Allies) abc_warrior: on
(50:06 / Allies) brucewillisusa: k
(50:15 / Allies) brucewillisusa: next
(50:19 / Allies) abc_warrior: but my share is on?
(50:23 / Allies) brucewillisusa: michael send ur untis with
(50:30 / Allies) brucewillisusa: it dostn matter iw ont click ur stuff anyway
(51:14 / Allies) brucewillisusa: they actualylw nt afk
(51:15 / Allies) brucewillisusa: waht lamers
(51:40 / Allies) brucewillisusa: tp down when u can
(51:49 / Allies) avid.milk2: jeffy peon lives!
(52:38 / Allies) brucewillisusa: kill the towers
(52:40 / Allies) brucewillisusa: dirty dumb fukcing noobrazukas
(53:08 / Allies) avid.milk2: im going to actually use my basts
(53:10 / Allies) avid.milk2: when we go
(53:27 / Allies) brucewillisusa: lets wait for sopme sign of life
(53:38 / Allies) brucewillisusa: go
(53:39 / Allies) brucewillisusa: theyre badk
(53:40 / Allies) brucewillisusa: go
(53:41 / Allies) brucewillisusa: charge!
(53:43 / Allies) avid.milk2: michael bring ur heros'
(53:51 / Allies) avid.milk2: staff them in
(53:54 / Allies) avid.milk2: to ur landed birsd
(53:56 / Allies) avid.milk2: when u land them
(54:01 / Allies) brucewillisusa: b
(54:01 / Allies) brucewillisusa: b
(54:05 / Allies) brucewillisusa: fuck it go
(54:27 / Allies) brucewillisusa: TRY TO LOSE
(54:29 / Allies) brucewillisusa: WE ARE SUPPSOED TO LOSE
(54:46 / All) brucewillisusa: FAGGOTS
(54:47 / All) brucewillisusa: FAKE AFK
(54:48 / All) brucewillisusa: WOW
(54:49 / All) brucewillisusa: NERDS
(54:50 / All) brucewillisusa: FAKE AFK?
(54:51 / All) brucewillisusa: NERDS
(54:57 / Allies) avid.milk2: lol
(55:25 / Allies) brucewillisusa: OMG
(55:28 / Allies) avid.milk2: altogether we have like 5k
(55:29 / Allies) brucewillisusa: ROFL
(55:30 / Allies) avid.milk2: of each resource
(55:45 / Allies) avid.milk2: we could rebuild
(56:05 / Allies) abc_warrior: AoW
(56:24 / Allies) avid.milk2: michael why do you ahve shared control on
(56:25 / Allies) avid.milk2: and tie hack
(56:30 / Allies) avid.milk2: that is jus recipe for disaster
(56:31 / All) brucewillisusa: MORE FAKE AFK/
(56:31 / All) brucewillisusa: DUMB
(56:33 / All) brucewillisusa: FUCKING NOOBS
(56:34 / All) brucewillisusa: LEAVE
(56:35 / All) brucewillisusa: U CANT WIN
(56:43 / All) Noctowl: u?
(56:47 / All) brucewillisusa: U CANT GET UP HILL
(56:49 / All) brucewillisusa: U HAVE NO GOLD
(56:52 / All) brucewillisusa: FOR A CHIMERA
(56:54 / All) brucewillisusa: WE ARE GONNA WIN
(56:55 / All) brucewillisusa: WITH NO UNITS
(56:56 / All) brucewillisusa: ROFL
(56:58 / All) ZombieWinG: i have
(57:06 / All) brucewillisusa: NOPE
(57:08 / All) brucewillisusa: 142 GOLD
(57:10 / All) brucewillisusa: IS NOT ENOUGH
(57:16 / All) ZombieWinG: i have 2k
(57:22 / All) brucewillisusa: 764 GOLD IS NOT ENOUGH
(57:24 / All) brucewillisusa: FOR A WELL AND A CHIM
(57:59 / Allies) avid.milk2: michael if u make a well
(58:03 / Allies) avid.milk2: then u can afford ur hero back
(58:05 / Allies) avid.milk2: from the tavern
(58:09 / Allies) avid.milk2: or some ditts
(58:17 / Allies) avid.milk2: lol
(58:21 / All) brucewillisusa: WOW
(58:22 / All) brucewillisusa: END IT
(58:23 / All) brucewillisusa: RETARDS
(58:24 / All) brucewillisusa: ZZZZ
(58:45 / Allies) brucewillisusa: hes
(58:47 / All) brucewillisusa: ROFL HES 12/10
(58:51 / All) brucewillisusa: AND HES TOO RETARDED TO KILL A HERO
(58:54 / All) brucewillisusa: SO HE CAN BUILD A WISP
(59:21 / Allies) abc_warrior: you can see his pop limit?
(59:25 / Allies) brucewillisusa: YA
(59:28 / Allies) brucewillisusa: CLICK ONE OF HIS BUILDINGS
(59:29 / Allies) avid.milk2: click on his building
(59:32 / Allies) avid.milk2: with HACKS turned on
(59:40 / Allies) abc_warrior: oh
(59:43 / Allies) avid.milk2: HACKS is short for hacks
(59:50 / All) brucewillisusa: K
(59:51 / All) brucewillisusa: AFK
(59:53 / All) brucewillisusa: HAVE FUN DOWN THERE
(59:55 / All) brucewillisusa: LIL NUB
(60:14 / Allies) abc_warrior: 2 heros or 1?
(60:20 / Allies) brucewillisusa: w/e u want
(60:53 / Allies) brucewillisusa: he has flare
(60:55 / Allies) brucewillisusa: i saw him flare soemthing
(61:00 / Allies) brucewillisusa: i dont think it was the perch tho
(61:28 / Allies) brucewillisusa: michael go attack the human base
(61:30 / Allies) brucewillisusa: see if they react
(61:44 / Allies) brucewillisusa: he just revealed perch
(61:45 / Allies) brucewillisusa: rofl
(62:07 / Allies) brucewillisusa: he sends one hero
(62:09 / Allies) brucewillisusa: wabht a fuckign idiot
(62:15 / Allies) brucewillisusa: it takes him that long
(62:16 / Allies) brucewillisusa: to react
(62:17 / Allies) avid.milk2: if my bm were alive
(62:19 / Allies) avid.milk2: it would eat him alive
(62:25 / Allies) brucewillisusa: if your bm were alive
(62:31 / Allies) brucewillisusa: he would still be in the fetal psoition
(62:33 / Allies) avid.milk2: da game wud end
(62:43 / All) brucewillisusa: day late and a buck short, noob
(62:51 / All) brucewillisusa: go back to your pile of shit huddle
(62:53 / Allies) avid.milk2: lol
(63:05 / Allies) brucewillisusa: it takes 6 seconds
(63:07 / Allies) brucewillisusa: to walk that far
(63:08 / Allies) brucewillisusa: his reaction time
(63:10 / Allies) brucewillisusa: is 6 seconds
(63:27 / Allies) brucewillisusa: blink uphill
(63:28 / Allies) brucewillisusa: somwehre
(63:30 / Allies) brucewillisusa: wait no
(63:30 / Allies) avid.milk2: making gryphons
(63:32 / Allies) brucewillisusa: thats a disconnect
(63:38 / Allies) avid.milk2: let them
(63:40 / Allies) avid.milk2: kill the
(63:40 / Allies) avid.milk2: towers
(63:42 / Allies) avid.milk2: on the perch
(63:46 / Allies) brucewillisusa: ya
(63:50 / Allies) brucewillisusa: that is last thing to die
(64:14 / Allies) brucewillisusa: the elf was 12/10
(64:18 / Allies) brucewillisusa: and he didnt want to killa hero
(64:21 / Allies) brucewillisusa: so he gave all his gold to the leaver
(64:24 / Allies) brucewillisusa: ...
(64:36 / All) brucewillisusa: maybve you shoudl sell your tp
(64:38 / All) brucewillisusa: you bag of shit noob
(64:42 / All) brucewillisusa: not like youre gonna use it now
(65:04 / Allies) brucewillisusa: defend
(65:05 / Allies) brucewillisusa: the othe rtower
(65:06 / Allies) brucewillisusa: defend it
(65:11 / Allies) brucewillisusa: i dotn want him to win
(65:12 / Allies) brucewillisusa: with 4 apm
(65:14 / Allies) brucewillisusa: make him use both hands
(65:15 / Allies) brucewillisusa: fuck
(65:17 / Allies) brucewillisusa: what a shitnoob
(65:23 / All) avid.milk2: all you have to do is send your shit retarded birds to kill 1 weak ass tower and its taking you an hour
(65:35 / All) brucewillisusa: did you have a seizure when i killed your hawks?
(65:38 / All) brucewillisusa: are you ok?
(66:03 / Allies) brucewillisusa: move ur warden north
(66:06 / Allies) brucewillisusa: get in shadowstrike position
(66:22 / Allies) brucewillisusa: blink
(66:23 / Allies) brucewillisusa: to it
(66:23 / Allies) brucewillisusa: and ss
(66:26 / All) avid.milk2: WOW
(66:29 / Allies) brucewillisusa: brilliant mciro
(66:30 / Allies) brucewillisusa: ...
(66:39 / All) brucewillisusa: clash of the titans here
(66:40 / All) brucewillisusa: ...
(66:53 / All) brucewillisusa: why dont u move ur shit army off its pooping log
(66:56 / All) brucewillisusa: since we are downhill now
(66:58 / All) brucewillisusa: fucking retard
(67:09 / Allies) brucewillisusa: gop defend
(67:10 / Allies) brucewillisusa: with warden
(67:14 / Allies) brucewillisusa: make him move 20 food to win
(67:17 / Allies) brucewillisusa: dirty shit lazy idiot retard
(67:25 / Allies) brucewillisusa: "LAST TIME WE MOVED UNITS WE LOST ALL ODF THEM
(67:40 / Allies) brucewillisusa: YES
(67:41 / Allies) brucewillisusa: YES
(67:46 / Allies) brucewillisusa: now kill that scout
(67:56 / Allies) abc_warrior: how
(67:59 / Allies) brucewillisusa: between it
(68:00 / Allies) brucewillisusa: and the aow
(68:02 / Allies) brucewillisusa: and use hide
(68:04 / Allies) brucewillisusa: so if it heads tehre
(68:07 / Allies) brucewillisusa: like its doing now...
(68:09 / All) brucewillisusa: LOL U LOSE
(68:10 / Allies) avid.milk2: to catch up
(68:11 / All) brucewillisusa: U LOSE
(68:12 / Allies) avid.milk2: even if u use all mana on blink
(68:12 / All) brucewillisusa: WHY UNPAUSE? U LOST
(68:14 / All) brucewillisusa: WHY UNPAUSE?
(68:15 / Allies) avid.milk2: u can use orb
(68:15 / All) brucewillisusa: U LOST
(68:17 / All) brucewillisusa: WHY UNPAUSE?
(68:19 / All) brucewillisusa: U LOST
(68:45 / Allies) brucewillisusa: ]MAKE A BUILDING
(68:45 / Allies) brucewillisusa: FAST
(68:54 / Allies) avid.milk2: a main
(68:58 / Allies) avid.milk2: u shouda made a main
(69:00 / Allies) brucewillisusa: W/E
(69:04 / Allies) brucewillisusa: LET US GET REVEALED
(69:06 / Allies) brucewillisusa: NVM
(69:07 / Allies) brucewillisusa: DONT CANCEL
(69:08 / Allies) brucewillisusa: ANYMORE
(69:17 / Allies) brucewillisusa: SEND IT TO HIDE
(69:20 / All) Noctowl: noobs
(69:22 / All) brucewillisusa: U LOST
(69:25 / All) brucewillisusa: DUMBBY
(69:26 / All) avid.milk2: generallissimo noobs
(69:26 / All) brucewillisusa: ROFL
(69:31 / All) brucewillisusa: DO U THINK U CAN WIN 2V3?
(69:35 / All) brucewillisusa: WE WILL JSUT BOOT YOU
(69:36 / All) brucewillisusa: FROM THE GAME
(69:38 / All) brucewillisusa: DURRR
(69:38 / All) avid.milk2: i bet you're flyin high right now
(69:42 / All) avid.milk2: you think you got this in the bag
(69:45 / All) brucewillisusa: YOU ARE GONNA GET BOOTED
(69:47 / All) brucewillisusa: JUST LIKE IN DOTA
(69:49 / All) brucewillisusa: CUSTOM KICKED
(69:50 / All) brucewillisusa: VCKED
(69:53 / All) brucewillisusa: BANLISTED
(69:58 / All) ZombieWinG: cant, one of us already left
(70:02 / All) brucewillisusa: YEP
(70:03 / All) brucewillisusa: BOTH OF U
(70:05 / All) brucewillisusa: BANLISTED
(70:09 / All) brucewillisusa: LEAVE NOW
(70:11 / All) brucewillisusa: OR I WILL
(70:11 / All) ZombieWinG: sure kid
(70:15 / All) abc_warrior: kid
(70:16 / All) brucewillisusa: LEAVE NOW OR I BANLIST YOU FROM MY AT GAMES
(70:16 / All) avid.milk2: get out your polish rag
(70:17 / All) brucewillisusa: SON
(70:19 / All) brucewillisusa: KID SON
(70:20 / All) avid.milk2: and shine your brown ass off
(70:21 / All) ZombieWinG: man i have 8 years playing this so stfu nerd
(70:24 / All) avid.milk2: brown from shit
(70:28 / All) avid.milk2: because its about to feel a boot
(70:28 / All) brucewillisusa: I WILL BOOT YOU
(70:28 / All) abc_warrior: u lost old man
(70:30 / All) brucewillisusa: IF YOU DONT LEAVE
(70:31 / All) brucewillisusa: LEAVE NOW
(70:32 / All) brucewillisusa: OR I BOOT
(70:34 / All) brucewillisusa: PERIOD.
(70:37 / All) abc_warrior: Old Geezer
(70:41 / Allies) brucewillisusa: AKEA NTOEHR MAIN
(70:41 / Allies) brucewillisusa: FAST
(71:00 / Allies) brucewillisusa: NOT IN HIS LINE OF SIGHT
(71:04 / Allies) brucewillisusa: O W/E
(71:05 / Allies) brucewillisusa: THATS FINE
(71:09 / Allies) brucewillisusa: DONT CANCE LIT
(71:16 / All) brucewillisusa: IM GONNA GO OUT FOR A DONUT
(71:16 / Allies) avid.milk2: unroot this
(71:18 / All) brucewillisusa: AND IF I GET BACK
(71:19 / Allies) avid.milk2: and have it teat trees
(71:20 / All) brucewillisusa: AND UR STILL HERE
(71:21 / Allies) avid.milk2: while ur hero
(71:21 / All) brucewillisusa: BOOTED.,
(71:22 / Allies) avid.milk2: sits on fount
(71:24 / Allies) avid.milk2: and kills air
(71:26 / Allies) avid.milk2: they wont win
(71:31 / Allies) brucewillisusa: GET DOWN THERE
(71:47 / Allies) avid.milk2: slay the birds
(71:50 / All) brucewillisusa: BOOTED
(71:52 / All) brucewillisusa: IF U DONT LEAVE
(71:53 / All) brucewillisusa: BOOTED
(71:56 / Allies) brucewillisusa: USE BLINK TO CHASE
(71:58 / Allies) brucewillisusa: IF IT GOES OVER HILL
(72:04 / All) brucewillisusa: BOOTED
(72:05 / All) brucewillisusa: BOOTED
(72:17 / All) avid.milk2: clean the shit off your ass
(72:21 / All) avid.milk2: from shitting your pants
(72:23 / All) brucewillisusa: CLEAN THE SHIT OFF YORU CAE
(72:25 / All) avid.milk2: i dont want to get my BOOTS dirty
(72:33 / All) brucewillisusa: ---- THIS AINT YOUR MOMMAS KITCHIN, BUB----
(72:39 / Allies) abc_warrior: last bldg
(72:56 / Allies) brucewillisusa: u got enough gold left for a wisp and well?
(73:02 / Allies) abc_warrior: 423
(73:04 / Allies) brucewillisusa: k
(73:11 / Allies) brucewillisusa: u coudl sell tp too
(73:14 / Allies) brucewillisusa: or all that stuff
(73:23 / All) brucewillisusa: guy
(73:26 / All) brucewillisusa: if you dont leave
(73:26 / Allies) avid.milk2: if u had made another wisp on the perch
(73:27 / All) brucewillisusa: banlish
(73:30 / Allies) avid.milk2: and put it in the top left tree
(73:30 / All) brucewillisusa: do u not understand?
(73:33 / Allies) avid.milk2: he prolly would have left it
(73:36 / All) ZombieWinG: haha fucking nerd
(73:37 / All) avid.milk2: trash noobs
(73:41 / All) brucewillisusa: BAN
(73:41 / All) avid.milk2: beaten so easily
(73:42 / All) brucewillisusa: LIST
(73:43 / All) brucewillisusa: CUSTOM
(73:44 / All) brucewillisusa: KICK
(73:46 / All) brucewillisusa: LEAVE AT ONCE
(73:47 / All) brucewillisusa: MADAM
(73:48 / All) ZombieWinG: do it
(73:49 / All) avid.milk2: i bet you didn't even notice that we killed our own tower wall
(73:52 / All) brucewillisusa: U WANT ME TO?
(73:53 / All) ZombieWinG: sure
(73:54 / All) brucewillisusa: SAY U WANT ME TO
(73:55 / All) brucewillisusa: SAY PLEASE
(73:57 / All) brucewillisusa: SAY PLEASE
(73:57 / All) ZombieWinG: do it
(74:00 / All) brucewillisusa: SAY PLEASE
(74:02 / All) ZombieWinG: DO IT NOW
(74:03 / All) brucewillisusa: SAY PLEASE
(74:05 / All) brucewillisusa: AND IW ILL DO IT
(74:08 / All) ZombieWinG: PLEASE
(74:08 / All) brucewillisusa: SAY PLEASE U LITTLE SHITLING